 Dungeon Crawl Stone Soup version 0.20.1-1-g8b1a95d (webtiles) character file.

119 vatarom the Insei (level 4, 0/37 HPs)
             Began as a Draconian Transmuter on Sept 20, 2017.
             Was an Initiate of Ashenzari.
             Slain by Grinder (3 damage)
             ... while paralysed by Grinder
             ... on level 3 of the Dungeon.
             The game lasted 00:07:29 (2097 turns).

vatarom the Insei (Draconian Transmuter)            Turns: 2097, Time: 00:07:29

Health: 0/37       AC:  2    Str: 12    XL:     4   Next: 74%
Magic:  2/7        EV:  5    Int: 13    God:    Ashenzari [......]
Gold:   101        SH:  0    Dex: 18    Spells: 1/7 levels left

rFire    . . .     SeeInvis .     - Unarmed
rCold    + . .     Gourm    .   (shield currently unavailable)
rNeg     . . .     Faith    .   (armour unavailable)
rPois    x         Spirit   .   (helmet currently unavailable)
rElec    .         Reflect  .   (cloak currently unavailable)
rCorr    .         Harm     .   (gloves currently unavailable)
MR       .....                  (boots currently unavailable)
Stlth    ++........             (no amulet)
Regen    0.2/turn               n - ring of protection from cold (curse)
MPRegen  0.1/turn               (no ring)

@: paralysed, spider-form (expiring), very slightly contaminated
A: unfitting armour, AC +5
a: End Transformation, Curse Item, Renounce Religion


You were on level 3 of the Dungeon.
You worshipped Ashenzari.
Ashenzari was noncommittal.
You were not hungry.
You were a venomous arachnid creature.
You visited 1 branch of the dungeon, and saw 3 of its levels.

You collected 101 gold pieces.

Inventory:

Missiles
 a - 8 arrows
 g - a throwing net (quivered)
Armour
 d - a cursed +2 pair of boots (melded)
Jewellery
 n - a cursed ring of protection from cold (left front leg)
Scrolls
 e - a scroll of teleportation
 f - 3 scrolls of identify
Potions
 h - a potion of brilliance
 i - a potion of agility
 k - 2 potions of haste
 l - 2 potions of curing
Books
 b - a book of Changes

   Spells                             Type                      Level
   a - Beastly Appendage              Transmutation                1
   b - Sticks to Snakes               Transmutation                2
   c - Spider Form                    Transmutation/Poison         3
   d - Ice Form                       Ice/Transmutation            4
   e - Blade Hands                    Transmutation                5
Comestibles
 c - 3 bread rations
 j - 4 fruits
 m - a meat ration
 o - 2 chunks of flesh


   Skills:
 + Level 2.4 Fighting
 - Level 1.7 Dodging
 * Level 4.6 Unarmed Combat
 - Level 2.1 Spellcasting
 + Level 2.7 Transmutations


You had one spell level left.
You knew the following spells:

 Your Spells              Type           Power        Failure   Level  Hunger
a - Beastly Appendage     Tmut           #.....       22%         1    ##.....
b - Sticks to Snakes      Tmut           #.......     28%         2    ###....
c - Spider Form           Tmut/Pois      #.........   61%         3    ####...


Dungeon Overview and Level Annotations

Branches:
Dungeon (3/15)

Altars:
Ashenzari
Cheibriados
Gozag
Nemelex Xobeh
Sif Muna
The Shining One

Annotations:
D:3 Grinder


Innate Abilities, Weirdness & Mutations

((Your plain brown scales are hard. (AC +5)))
You cannot fit into any form of body armour.
((You are cold-blooded and may be slowed by cold attacks.))


Message History

Grinder blinks!
Grinder drinks a potion.
Grinder is healed!
Grinder looks more healthy.
Grinder says, "Wait up."
Grinder gestures at you. Pain shoots through your body!
Grinder gestures at you.
You suddenly lose the ability to move!
Your transformation is almost over.
Grinder hits you.
You writhe in agony.
Grinder hits you.
You writhe in agony.
Grinder hits you!
* * * LOW HITPOINT WARNING * * *
You writhe in agony.
* * * LOW HITPOINT WARNING * * *
Grinder gestures at you.
You shrug off the repeated paralysis!
Grinder hits you!
* * * LOW HITPOINT WARNING * * *
You writhe in agony.
You die...

... ... .. .. ###.
#.. .. #5####.## #
#s......##
#.#.##.....#
#####.#.##.#%..###
..................
#####.#(†.....#.#
### #.#.......#!#
#.. #
###....##.######.#
#.#.<(#.##......
#.#...#.##.###.#


You could see Grinder.

Vanquished Creatures
  A gnoll (D:1)
  3 adders
  A dart slug (D:1)
  3 leopard geckos
  3 orcs (D:3)
  6 giant cockroaches
  9 goblins
  5 hobgoblins
  4 jackals (D:1)
  A quokka (D:3)
  2 ball pythons
  9 bats
  5 frilled lizards
  7 kobolds
  6 rats
65 creatures vanquished.

Vanquished Creatures (collateral kills)
  A gnoll (D:1)
  A goblin (D:1)
2 creatures vanquished.

Grand Total: 67 creatures vanquished

Notes
Turn   | Place    | Note
-------+----------+-------------------------------------------
     0 | D:1      | vatarom the Draconian Transmuter began the quest for the Orb.
     0 | D:1      | Reached XP level 1. HP: 16/16 MP: 3/3
   209 | D:1      | Reached XP level 2. HP: 23/23 MP: 5/5
   270 | D:1      | Learned a level 2 spell: Sticks to Snakes
   367 | D:1      | Reached XP level 3. HP: 24/28 MP: 4/6
   586 | D:1      | Learned a level 3 spell: Spider Form
   820 | D:1      | Reached skill level 4 in Unarmed Combat
  1094 | D:2      | Found an opulent altar of Gozag.
  1290 | D:2      | Reached XP level 4. HP: 30/36 MP: 5/7
  1489 | D:2      | Found a deep blue altar of Sif Muna.
  1489 | D:2      | Found a sparkling altar of Nemelex Xobeh.
  1518 | D:2      | Found a glowing golden altar of the Shining One.
  1520 | D:2      | Found a shattered altar of Ashenzari.
  1526 | D:2      | Found a snail-covered altar of Cheibriados.
  1550 | D:2      | Became a worshipper of Ashenzari the Shackled
  2084 | D:3      | Noticed Grinder
  2091 | D:3      | Paralysed by Grinder for 7 turns
  2097 | D:3      | Slain by Grinder

Skill      XL: |  1  2  3  4 |
---------------+-------------+-----
Unarmed Combat | 4 |  4.6
Fighting       | 2 |  2.4
Dodging        | |  1.7
Spellcasting   | |  2.1
Transmutations | |  2.7

Action                   |  1- 3 |  4- 6 || total
-------------------------+-------+-------++-------
Melee: Unarmed           |   127 |    68 ||   195
       Headbutt          |     8 |     2 ||    10
       Tailslap          |     7 |     6 ||    13
       Punch             |     1 |       ||     1
Throw: Throwing net      |     1 |       ||     1
 Cast: Beastly Appendage |    12 |     4 ||    16
       Sticks to Snakes  |     4 |       ||     4
       Spider Form       |       |     2 ||     2
Invok: Curse Item        |       |     2 ||     2
 Abil: End Transformatio |     1 |       ||     1
  Use: Potion            |     5 |       ||     5
       Scroll            |     3 |       ||     3
 Stab: Sleeping          |       |     2 ||     2
  Eat: Chunk             |     2 |     3 ||     5
Armor: Skin              |    53 |    20 ||    73
Dodge: Dodged            |   102 |    33 ||   135
